 Dungeon Crawl Stone Soup version 0.23.2-40-g277498a (webtiles) character file.

Game seed: 485023164697362565

37 zhovat1 the Grave Robber (level 3, 0/25 HPs)
             Began as a Demonspawn Necromancer on Aug 22, 2019.
             Slain by a worm (8 damage)
             ... on level 1 of the Dungeon.
             The game lasted 00:01:44 (1139 turns).

zhovat1 the Grave Robber (Demonspawn Necromancer)   Turns: 1139, Time: 00:01:45

Health: 0/25       AC:  2    Str: 12    XL:     3   Next: 21%
Magic:  0/6        EV: 12    Int: 17    God:
Gold:   37         SH:  0    Dex: 13    Spells: 6/7 levels left

rFire    . . .     SeeInvis .   h - +0 whip
rCold    . . .     Gourm    .   (no shield)
rNeg     . . .     Faith    .   a - +0 robe
rPois    .         Spirit   .   (no helmet)
rElec    .         Reflect  .   (no cloak)
rCorr    .         Harm     .   (no gloves)
MR       .....                  (no boots)
Stlth    ++........             (no amulet)
HPRegen  0.08/turn              e - +4 ring of strength
MPRegen  0.10/turn              (no ring)

@: very slightly contaminated
A: powered by death 2
a: no special abilities


You were on level 1 of the Dungeon.
You were not hungry.

You visited 1 branch of the dungeon, and saw 2 of its levels.

You collected 37 gold pieces.

Inventory:

Hand Weapons
 h - a +0 whip (weapon)
Armour
 a - a +0 robe (worn)
Jewellery
 e - a +4 ring of strength (left hand)
Potions
 b - 2 potions of flight
Comestibles
 c - 4 rations
 d - 2 chunks of flesh


   Skills:
 + Level 0.6 Fighting
 + Level 2.0 Dodging
 * Level 2.4 Stealth
 * Level 2.6 Spellcasting
 + Level 4.5 Necromancy


You had 6 spell levels left.
You knew the following spells:

 Your Spells              Type           Power        Failure   Level  Hunger
a - Pain                  Necr           ###.         2%          1    #......

Your spell library contained the following spells:

 Spells                   Type           Power        Failure   Level  Hunger
 Animate Skeleton         Necr           N/A          2%          1    #......
 Vampiric Draining        Necr           ###.......   9%          3    ###....
 Regeneration             Chrm/Necr      #.........   22%         3    ###....
 Animate Dead             Necr           N/A          28%         4    #####..


Dungeon Overview and Level Annotations

Branches:
Dungeon (2/15)

Altars:


Innate Abilities, Weirdness & Mutations

You regenerate health from kills.


Message History

You hit the worm.
The worm is heavily wounded.
The worm bites you.
You hit the worm but do no damage.
The worm is heavily wounded.
You hit the worm.
The worm is heavily wounded.
The worm misses you.
You hit the worm.
The worm is heavily wounded.
The worm bites you!
You barely miss the worm.
The worm is heavily wounded.
Casting: Pain (safe; 2% risk of failure)
Confirm with . or Enter, or press ? or * to list all spells.
Aiming: Pain (safe; 2% risk of failure)
Press: ? - help, Shift-Dir - straight line, f/p - worm
Aim: a worm (moderately wounded, chance to defeat MR: 82%)
The worm writhes in agony.
The worm bites you!
You die...

##.##..# #..#.#.############
##.....# ###..#...............
.#####.# ####....#............##.
.## #.###..#.###...#########.##.
#.## #.##.#...# ##### #.##. ##.#
#.#.####.# #.... #.#####.#
#.###############....
##.(###..####....................
###..#..##....#.@........####....
###..#..#####.#w########## #....
..##...## #.#.# ###.. ####.<.#
#.#.#### #.# # ##...##
##......####### #.# # #..#..#
#.............# #.# ###..#..##
#.##)##.#####.# #.. .#..###..#
#.##>##.# #.# ##.. ##.#####.#
#.##.##.# #.#####...


You could see a worm.

Vanquished Creatures
  An adder (D:2)
  A worm (D:1)
  2 dart slugs (D:1)
  3 bats (D:1)
  A giant cockroach (D:1)
  A goblin (D:1)
  3 hobgoblins (D:1)
  6 kobolds (D:1)
  3 rats (D:1)
21 creatures vanquished.

Notes
Turn   | Place    | Note
-------+----------+-------------------------------------------
     0 | D:1      | zhovat1 the Demonspawn Necromancer began the quest for the
                  | Orb.
     0 | D:1      | Reached XP level 1. HP: 13/13 MP: 3/3
   181 | D:1      | Gained mutation: You regenerate a little health from kills.
                  | [demonic ancestry]
   181 | D:1      | Reached XP level 2. HP: 19/19 MP: 3/5
   962 | D:2      | Gained mutation: You regenerate health from kills. [demonic
                  | ancestry]
   962 | D:2      | Reached XP level 3. HP: 20/25 MP: 0/6
  1139 | D:1      | Slain by a worm

Skill      XL: |  1  2  3 |
---------------+----------+-----
Stealth        | 2 |  2.4
Dodging        | 2 |  2.0
Fighting       | |  0.6
Spellcasting   | |  2.6
Necromancy     | |  4.5

Action                   || total
-------------------------++-------
Melee: Unarmed           ||     6
       Whip              ||    22
 Cast: Pain              ||    40
  Use: Scroll            ||     3
  Eat: Chunk             ||     1
Armor: Robe              ||     2
Dodge: Dodged            ||    28
